 Dungeon Crawl Stone Soup version 0.13.1-27-ga479965 (webtiles) character file.

221 Badjas the Sneak (level 4, -1/28 HPs)
             Began as a Halfling Assassin on Feb 9, 2014.
             Slain by a gnoll
             ... wielding a +0,+0 flail
              (7 damage)
             ... on Level 3 of the Dungeon.
             The game lasted 00:24:06 (1846 turns).

Badjas the Sneak (Halfling Assassin)                Turns: 1846, Time: 00:24:06

HP  -1/28        AC  3     Str  8      XL: 4   Next: 70%
MP   3/3         EV 14     Int 11      God:
Gold 139         SH  0     Dex 18      Spells:  0 memorised,  3 levels left

Res.Fire  : . . .   See Invis. : .   a - +2 dagger {=f}
Res.Cold  : . . .   Warding    : .   c - +0 robe
Life Prot.: . . .   Conserve   : .   (no shield)
Res.Poison: .       Res.Corr.  : .   (no helmet)
Res.Elec. : .       Clarity    : .   d - +0 cloak
Sust.Abil.: . .     Spirit.Shd : .   (no gloves)
Res.Mut.  : .       Stasis     : .   (no boots)
Res.Rott. : .       Flight     : .   (no amulet)
Saprovore : . . .                    (no ring)
                                     (no ring)

@: slightly resistant to hostile enchantments, very stealthy
A: mutation resistance 1, slow metabolism 1
a: no special abilities


You were on level 3 of the Dungeon.
You were not hungry.

You visited 1 branch of the dungeon, and saw 3 of its levels.

You collected 89 gold pieces.

Inventory:

Hand weapons
 a - a +2,+2 dagger (weapon) {=f}
 b - a +0 blowgun
 u - a +4,+1 whip
 y - a +0,+0 sling
Missiles
 e - 30 poisoned needles
 f - 2 curare-tipped needles
 j - 37 darts (quivered)
 l - 2 darts of flame
 w - 34 stones
 z - 7 darts of frost
 I - 11 sling bullets
Armour
 c - a +0 robe (worn)
 d - a +0 cloak (worn)
Comestibles
 g - 2 bread rations
 k - a pear
 x - an apple
Scrolls
 h - 2 scrolls of recharging {unknown}
 i - a scroll of curse armour {unknown}
 n - a scroll of teleportation {unknown}
 o - a scroll of amnesia {unknown}
 r - a scroll of fog {unknown}
 s - a scroll of blinking {unknown}
 t - 2 scrolls of identify {unknown}
 v - a scroll of noise {unknown}
 C - a scroll of enchant armour {unknown}
Jewellery
 F - an uncursed amulet of rage {unknown}
Potions
 m - a potion of blood {unknown}
 p - a potion of degeneration {unknown}
 q - 2 potions of speed {unknown}
 A - a potion of restore abilities {unknown}
 B - a potion of might {unknown}
 D - a potion of paralysis {unknown}
 E - a potion of slowing {unknown}


   Skills:
 + Level 1.7 Fighting
 * Level 2.9 Short Blades
 - Level 2.6 Throwing
 - Level 1.2 Dodging
 + Level 7.9 Stealth


You had 3 spell levels left.
You didn't know any spells.

Dungeon Overview and Level Annotations

Branches:
Dungeon (3/27)

Altars:


Innate Abilities, Weirdness & Mutations

You are small and have problems with some larger weapons.
You are somewhat resistant to further mutation.
You have a slow metabolism.


Message History

The gnoll barely misses you.
You hit the gnoll.
The gnoll is severely wounded.
The gnoll closely misses you. The gnoll barely misses you.
You completely miss the gnoll.
The gnoll is severely wounded.
The gnoll hits you from afar with a spear.
You hit the gnoll.
The gnoll is severely wounded.
The gnoll barely misses you. The gnoll misses you.
The gnoll hits you with a flail!
You hit the gnoll.
The gnoll is almost dead.
The gnoll hits you with a flail!
* * * LOW HITPOINT WARNING * * *
The gnoll barely misses you.
You barely miss the gnoll.
The gnoll is almost dead.
The gnoll hits you but does no damage. The gnoll hits you with a flail!
You die...

#### ## ########## ####...## ##..
#........# #..#.>...###...>
#######........# #..#............
......+........###..###....⌠g...#
#######........#(g.g..###.....# #
#........#g#......##...##
#........g@#.....g....##
#........###.....g...##
#........# #.>.......# #........#
#.........# ####.#####
#######+### # ######..## #
#........# # ###........#### #
#.............#


You could see 3 gnolls.

Vanquished Creatures
  4 adders
  A giant gecko (D:1)
  5 giant cockroaches
  7 goblins
  7 hobgoblins
  3 quokkas (D:2)
  A ball python (D:3)
  10 bats
  3 giant newts (D:1)
  6 kobolds
  6 rats
53 creatures vanquished.

Notes
Turn   | Place    | Note
--------------------------------------------------------------
     0 | D:1      | Badjas, the Halfling Assassin, began the quest for the Orb.
     0 | D:1      | Reached XP level 1. HP: 13/13 MP: 0/0
   150 | D:1      | Reached XP level 2. HP: 9/18 MP: 1/1
   237 | D:1      | Reached skill level 6 in Stealth
   623 | D:1      | Reached XP level 3. HP: 23/23 MP: 2/2
  1021 | D:2      | Reached skill level 7 in Stealth
  1045 | D:2      | Reached XP level 4. HP: 28/28 MP: 3/3
  1846 | D:3      | Slain by a gnoll

Action                   |  1- 3 |  4- 6 || total
-------------------------+-------+-------++-------
Melee: Dagger            |    71 |    64 ||   135
 Fire: Blowgun           |     1 |       ||     1
Throw: Dart              |     7 |     8 ||    15
 Stab: Sleeping          |    19 |     5 ||    24
